AoeStats
← ITA | Raffy

Nomad

503140522Analyzed
4v4 RM · 1mo ago on Aug 30, 2026· 69m 41s· 8 players
Game mode
Random Map
Map size
231×231
Population
200
Speed
Normal
Resources
Standard
Victory
Conquest
Starting age
Dark Age
Ending age
Imperial Age
RankedLock teamsTeams togetherTeam positionsShared explorationLock speedFull tech treeHidden civsTurbo modeCheats
Victory
Defeat
🇨🇦 Huns · Canada
1341
+15
🇮🇹 Italians · Italy
1337
+15
🇫🇷 Koreans · France
1300
+17
🇨🇳 Vikings · China
1251
+19
🇮🇹 Hindustanis · Italy
1395
-20
🇮🇹 Italians · Italy
1332
-17
🇮🇹 Armenians · Italy
1302
-16
🇮🇹 Georgians · Italy
1262
-14
mask noir
13:38 Feudal Age
17:32 Castle Age
23:06 Double-Bit Axe
25:36 Horse Collar
28:24 Bow Saw
34:30 Imperial Age
33:25 Gold Mining
35:10 Scale Mail Armor
35:35 Shinkichon
35:22 Siege Engineers
34:41 Heavy Rocket Cart
36:40 Two-Man Saw
35:17 Pikeman
36:45 Chain Mail Armor
39:15 Chemistry
39:36 Gold Mining
41:11 Halberdier
42:30 Squires
43:03 Plate Mail Armor
44:07 Arrowslits
46:30 Forging
46:40 Stone Mining
47:38 Murder Holes
49:52 Fletching
54:02 Bodkin Arrow
54:13 Eupseong
53:59 Treadmill Crane
54:29 Masonry
54:43 Ballistics
54:06 Treadmill Crane
54:37 Masonry
59:19 Bracer
64:04 Spies/Treason
Grand.Saladier
12:56 Feudal Age
13:34 Double-Bit Axe
14:51 Loom
18:28 Castle Age
16:44 Horse Collar
19:49 Fletching
22:13 Padded Archer Armor
31:31 Wheelbarrow
32:33 Bodkin Arrow
35:01 Leather Archer Armor
37:13 Thumb Ring
40:07 Imperial Age
38:53 Ballistics
43:21 Imperial Age
42:04 Thumb Ring
45:52 Hand Cart
49:05 Scale Barding Armor
50:26 Chain Barding Armor
50:31 Husbandry
51:27 Parthian Tactics
51:05 Bracer
52:37 Bloodlines
53:31 Light Cavalry
63:54 Spies/Treason
Kobe Cashon
12:50 Loom
15:17 Feudal Age
16:43 Fishing Lines
19:11 Castle Age
16:59 Double-Bit Axe
17:36 Fletching
19:46 Gillnets
19:53 Bodkin Arrow
20:12 Bow Saw
23:19 Gold Mining
24:09 Horse Collar
25:37 Heavy Plow
27:45 Forging
27:36 Scale Mail Armor
30:21 Imperial Age
29:49 Iron Casting
29:29 Chain Mail Armor
30:08 Gold Shaft Mining
29:25 Stone Mining
29:50 Gambesons
30:05 Squires
29:50 Arson
30:56 Town Watch
31:30 Siege Engineers
32:07 Conscription
31:09 Elite Berserk
32:59 Crossbowman
34:20 Plate Mail Armor
37:04 Blast Furnace
39:19 Crop Rotation
39:52 Two-Man Saw
40:18 Bracer
40:55 Chieftains
40:43 Capped Ram
49:50 Chemistry
51:05 Caravan
63:29 Spies/Treason
ITA | Raffy
5:57 Loom
14:47 Feudal Age
15:53 Double-Bit Axe
20:17 Fletching
22:49 Castle Age
21:19 Stone Mining
21:19 Gold Mining
21:23 Fishing Lines
23:54 Bodkin Arrow
27:07 Bow Saw
34:13 Imperial Age
34:45 Horse Collar
35:18 Gillnets
42:21 Wheelbarrow
44:12 Bloodlines
44:03 Husbandry
47:54 Imperial Age
48:49 Cavalier
49:38 Scale Barding Armor
49:47 Forging
51:37 Chain Barding Armor
52:24 Iron Casting
52:38 Conscription
53:10 Plate Barding Armor
58:24 Blast Furnace
63:05 Two-Man Saw
62:13 Bracer
62:13 Padded Archer Armor
63:10 Spies/Treason
Mich
4:28 Loom
14:43 Feudal Age
15:57 Double-Bit Axe
15:40 Man-at-Arms
17:08 Forging
16:21 Long Swordsman
16:56 Fishing Lines
17:57 Arson
21:33 Castle Age
20:30 Scale Mail Armor
20:48 Fletching
21:45 Padded Archer Armor
21:35 Two-Handed Swordsman
22:01 Gambesons
22:37 Bow Saw
22:18 Stone Mining
22:46 Squires
30:45 Wheelbarrow
29:55 Town Watch
35:39 Pikeman
39:32 Elite Skirmisher
42:12 Bodkin Arrow
44:11 Ballistics
46:36 Imperial Age
49:18 Conscription
48:51 Champion
49:50 Fereters
53:59 Gold Mining
53:42 Halberdier
Catipan Dixlesya
4:43 Loom
12:53 Feudal Age
16:31 Forging
17:11 Double-Bit Axe
20:00 Wheelbarrow
22:04 Castle Age
21:35 Gold Mining
23:02 Medium Warships
23:29 Iron Casting
23:17 Bow Saw
23:36 Horse Collar
26:21 Scale Mail Armor
28:12 Wheelbarrow
27:36 Arson
29:45 Gold Shaft Mining
30:06 Chain Mail Armor
34:55 Hand Cart
34:25 Town Watch
38:07 Imperial Age
36:04 Squires
39:16 Conscription
38:22 Elite Ghulam
40:11 Blast Furnace
40:52 Siege Elephant
43:26 Coinage
44:58 Fletching
48:39 Chemistry
48:18 Padded Archer Armor
49:39 Leather Archer Armor
49:52 Masonry
Roar
5:29 Loom
14:40 Feudal Age
17:19 Fletching
19:26 Horse Collar
19:32 Double-Bit Axe
28:48 Castle Age
27:05 Gold Mining
27:19 Stone Mining
31:48 Bow Saw
33:29 Heavy Plow
35:40 Bodkin Arrow
36:09 Padded Archer Armor
37:22 Scale Barding Armor
37:18 Scale Mail Armor
37:28 Forging
38:20 Leather Archer Armor
38:54 Ballistics
39:11 Chain Barding Armor
39:54 Forging
39:56 Bloodlines
39:47 Husbandry
40:53 Wheelbarrow
41:42 Iron Casting
47:14 Hand Cart
49:53 Imperial Age
47:12 Town Watch
48:18 Masonry
50:32 Crossbowman
51:17 Thumb Ring
51:27 Arbalester
53:50 Conscription
54:19 Architecture
54:03 Bracer
57:06 Chemistry
57:46 Two-Man Saw
58:04 Crop Rotation
Tattico87
3:55 Loom
14:38 Feudal Age
15:33 Double-Bit Axe
18:50 Castle Age
16:54 Stone Mining
17:48 Fishing Lines
20:02 Bow Saw
20:32 Stone Shaft Mining
22:36 Horse Collar
24:32 Wheelbarrow
26:36 Ballistics
27:13 Gold Mining
27:57 Redemption
28:13 Fletching
28:07 Treadmill Crane
33:51 Imperial Age
32:32 Svan Towers
32:20 Guard Tower
34:28 Masonry
35:43 Chemistry
35:54 Keep
35:24 Siege Engineers
35:07 Arrowslits
36:06 Block Printing
36:12 Sanctity
36:34 Siege Engineers
36:59 Architecture
36:36 Aznauri Cavalry
36:03 Onager
37:05 Bodkin Arrow
37:19 Onager
39:50 Bracer
39:51 Padded Archer Armor
41:38 Hand Cart
41:04 Onager
53:39 Capped Ram
Connection lost

Rejoining the realm…

Still unreachable

The connection could not be restored.

Session expired

The server has moved on; the page needs a fresh start.